 Dungeon Crawl Stone Soup version 0.30.1-9-gdf580d7c3d (webtiles) character file.

Game seed: 4246564161126310760

32 Ironcache the Shooter (level 3, 0/28 HPs)
             Began as a Formicid Hunter on Oct 4, 2023.
             Slain by Terence
             ... wielding a +0 short sword
              (4 damage)
             ... on level 1 of the Dungeon.
             The game lasted 00:03:42 (543 turns).

Ironcache the Shooter (Formicid Hunter)              Turns: 543, Time: 00:03:42

Health: 0/28       AC:  3    Str: 15    XL:     3   Next: 42%
Magic:  3/3        EV: 12    Int:  8    God:
Gold:   115        SH:  0    Dex: 19    Spells: 2/2 levels left

rFire   . . .        b - +0 short sword
rCold   . . .        (no shield)
rNeg    . . .        c - +0 leather armour
rPois   .            (helmet unavailable)
rElec   .            (no cloak)
rCorr   .            (no gloves)
SInv    +            (no boots)
Will    .....        (no amulet)
Stlth   ++           (no ring)
HPRegen 0.24/turn    (no ring)
MPRegen 0.08/turn

%: no passive effects
@: no status effects
A: permanent stasis, dig shafts and tunnels, antennae 3, four strong arms
a: Dig, Shaft Self


You were on level 1 of the Dungeon.
You visited 1 branch of the dungeon, and saw 2 of its levels.

You collected 115 gold pieces.

Inventory:

Hand Weapons
 a - a +0 shortbow
 b - a +0 short sword (weapon)
Armour
 c - a +0 leather armour (worn)
Scrolls
 d - a scroll of amnesia {unknown}
 e - a scroll of immolation
 f - 2 scrolls of noise {unknown}
 g - a scroll of teleportation {unknown}


   Skills:
 + Level 2.9 Fighting
 + Level 4.4 Ranged Weapons
 - Level 2.0 Dodging
 - Level 2.0 Stealth


You had 2 spell levels left.
You didn't know any spells.
Your spell library was empty.

Dungeon Overview and Level Annotations

Branches:
Dungeon (2/15)

Altars:

Shops:
D:1 =

Annotations:
D:1 Terence


Innate Abilities, Weirdness & Mutations

You cannot be hasted, slowed, berserked, paralysed or teleported.
You can dig through walls and to a lower floor.
You have a pair of large antennae on your head. (SInv)
Your four strong arms can wield two-handed weapons with a shield.


Message History

You barely miss Terence.
Terence is severely wounded.
Terence hits you with a +0 short sword!
You hit Terence but do no damage.
Terence is severely wounded.
Terence hits you with a +0 short sword.
You hit Terence but do no damage.
Terence is severely wounded.
Terence hits you with a +0 short sword.
You hit Terence.
Terence is almost dead.
Terence barely misses you.
You barely miss Terence.
Terence is almost dead.
Terence hits you with a +0 short sword.
* * * LOW HITPOINT WARNING * * *
You hit Terence but do no damage.
Terence is almost dead.
Terence closely misses you.
You closely miss Terence.
Terence is almost dead.
Terence hits you with a +0 short sword.
* * * LOW HITPOINT WARNING * * *
There is a stone staircase leading up here.
Terence closely misses you.
You climb upwards.
There is a stone staircase leading down here.
Terence attacks as you move away! Terence hits you with a +0 short sword.
* * * LOW HITPOINT WARNING * * *
You see here a bat skeleton.
You completely miss Terence.
Terence is almost dead.
Terence barely misses you.
You hit Terence but do no damage.
Terence is almost dead.
Terence barely misses you.
You closely miss Terence.
Terence is almost dead.
Terence hits you with a +0 short sword.
You die...

#..........# ###.# #.....###..
#.........## ##...# #.###.###..
#.........# ##..#####..........
##.....#..## #..#####...###.##..
#........## #.##...............
...#.....# ##.#..............#.
.....##.## ##.................#.
..#####..# #....................
..# ##.####.#.@................
### ####.......@.................
#####.......#.รท..................
##..........#>##...............#.
.................................
...............##.(.........)##..
............##.#..............#..
............##...................
.#.....#######...................


You could see Terence.

Vanquished Creatures
  A gnoll (D:1)
  2 dart slugs (D:1)
  A ball python (D:1)
  3 bats (D:1)
  4 endoplasms
  A goblin (D:1)
  3 hobgoblins (D:1)
  A frilled lizard (D:1)
  A kobold (D:1)
17 creatures vanquished.

Notes
Turn   | Place    | Note
-------+----------+-------------------------------------------
     0 | D:1      | Ironcache the Formicid Hunter began the quest for the Orb.
     0 | D:1      | Reached XP level 1. HP: 16/16 MP: 1/1
    60 | D:1      | Reached XP level 2. HP: 23/23 MP: 2/2
   149 | D:1      | Found Guul's Jewellery Shoppe.
   314 | D:1      | Reached XP level 3. HP: 22/28 MP: 3/3
   518 | D:2      | Noticed Terence
   543 | D:1      | Slain by Terence

Illustrated notes

Levels and vault maps discovered:
D:1:      minmay_arrival_four_houses, layout_rooms, serial_shops, shop_coins
D:2:      layout_loops_ring, shapermc_ecumenical_altar_totnotflames,
          minmay_diced_spiral, uniq_terence, uniq_sigmund

Skill      XL: |  1  2 |
---------------+-------+-----
Dodging        | 2 |  2.0
Stealth        | 2 |  2.0
Fighting       | |  2.9
Ranged Weapons | |  4.4

Action                     || total
---------------------------++-------
  Melee: Short sword       ||    12
   Fire: Shortbow          ||    53
 Armour: Leather armour    ||     4
  Dodge: Dodged            ||    20
